 Dungeon Crawl Stone Soup version 0.19.5 (webtiles) character file.

351 straycat the Skirmisher (level 6, -16/52 HPs)
             Began as a Vampire Wanderer on May 13, 2017.
             Was an Initiate of Ru.
             Demolished by Menkaure (21 damage)
             ... on level 4 of the Dungeon.
             The game lasted 01:13:26 (8646 turns).

straycat the Skirmisher (Vampire Wanderer)          Turns: 8646, Time: 01:13:27

Health: -16/52     AC:  7    Str: 11    XL:     6   Next: 34%
Magic:  6/6        EV: 13    Int: 15    God:    Ru [......]
Gold:   160        SH:  0    Dex: 15    Spells: 0 memorised, 5 levels left

rFire  . . .     SeeInvis +       - Unarmed
rCold  . . .     Gourm    .     F - +0 leather armour
rNeg   + . .     Faith    .     (no shield)
rPois  .         Spirit   .     (no helmet)
rElec  .         Reflect  .     (no cloak)
rCorr  .         Harm     .     n - +2 pair of gloves
MR     .....                    M - +0 pair of boots
Stlth  ++........               (no amulet)
                                (no ring)
                                E - ring of wizardry

@: no status effects
A: fangs 3, see invisible, unbreathing
a: Bat Form, Renounce Religion


You were on level 4 of the Dungeon.
You worshipped Ru.
Ru was noncommittal.
You were not thirsty.

You visited 1 branch of the dungeon, and saw 4 of its levels.

You collected 160 gold pieces.

Inventory:

Hand Weapons
 c - a +0 falchion
 d - a +0 quarterstaff
 g - a +0 club
 h - a +0 dagger
 j - a +0 hunting sling
 p - a +0 halberd
 r - a +0 blowgun
 A - a +0 whip
 B - a +0 war axe
 H - a +0 mace
 K - a +0 spear
Missiles
 a - 70 sling bullets
 q - 7 curare-tipped needles
 y - 28 poisoned needles
 z - 13 arrows
 C - 131 stones (quivered)
Armour
 b - a +0 ring mail
 e - a +0 robe
 n - a +2 pair of gloves (worn)
 x - a +0 robe
 F - a +0 leather armour (worn)
 I - a +0 scale mail
 J - a +0 leather armour
 M - a +0 pair of boots (worn)
Jewellery
 i - an uncursed ring of stealth {unknown}
 E - a ring of wizardry (left hand)
Wands
 D - a wand of disintegration (11/24)
Scrolls
 k - 5 scrolls of identify {unknown}
 l - 2 scrolls of remove curse {unknown}
 u - 2 scrolls of enchant weapon {unknown}
 v - a scroll of fear
 w - a scroll of enchant armour {unknown}
 G - 2 scrolls of noise {unknown}
 O - a scroll of magic mapping {unknown}
Potions
 m - a potion of beneficial mutation {unknown}
 o - a potion of flight {unknown}
 t - a potion of cancellation {unknown}
 L - a potion of curing {unknown}
Comestibles
 s - 2 beef jerkies
 N - a bread ration


   Skills:
 * Level 5.7 Fighting
 - Level 1.5 Staves
 + Level 1.2 Throwing
 + Level 0.5 Armour
 * Level 2.9 Dodging
 + Level 2.9 Stealth
   Level 1.0 Shields
 * Level 3.7 Unarmed Combat


You had 5 spell levels left.
You didn't know any spells.

Dungeon Overview and Level Annotations

Branches:
Dungeon (4/15)
 Temple: D:4-7

Altars:
Ru
Xom
Yredelemnul

Annotations:
D:4 Menkaure, Pikel


Innate Abilities, Weirdness & Mutations

You have razor-sharp teeth.
You have supernaturally acute eyesight. (SInv)
You can survive without breathing.


Message History

You are unaffected.
You punch Menkaure!
Menkaure is moderately damaged.
You hit Menkaure.
Menkaure is heavily damaged.
Menkaure casts a spell.
Menkaure seems to speed up.
You hit Menkaure.
Menkaure is severely damaged.
Menkaure hits you!!
* * * LOW HITPOINT WARNING * * *
You hit Menkaure but do no damage. You bite Menkaure.
Menkaure is almost destroyed.
Menkaure hits you!
* * * LOW HITPOINT WARNING * * *
Menkaure closely misses you.
You hit Menkaure.
Menkaure is almost destroyed.
Menkaure hits you!!
You die...

..........#######
................#
........#.#####.# #.
.######.#.# #.# #.
#.#.# #.# #.
#.#.#####.# #.
#.#.#.....# #.
#(########.#.#.#####
#. #...M@.....#.#.#
#.#.#############.#.#
#.................#.#
###.#############.#.#
#. ####.# #. #....#
#$ #.#..# #p #
#..####### #p
#.........


You could see Menkaure.

Vanquished Creatures
  The ghost of TheDeathLetter the Grave Robber, an amateur DsNe of Yredelemnul (D:3)
  A centaur skeleton (D:4)
  7 gnolls
  7 adders
  3 worms
  5 dart slugs
  4 leopard geckos (D:2)
  13 bats
  5 giant cockroaches
  11 goblins
  11 hobgoblins
  12 jackals
  A quokka (D:1)
  3 ball pythons
  3 frilled lizards (D:1)
  5 kobolds
  7 rats
99 creatures vanquished.

Notes
Turn   | Place    | Note
-------+----------+-------------------------------------------
     0 | D:1      | straycat the Vampire Wanderer began the quest for the Orb.
     0 | D:1      | straycat set off with: a scroll of fear, a potion of berserk rage, a +0 falchion, a +0 quarterstaff, a +0 robe, a potion of blood
     0 | D:1      | Reached XP level 1. HP: 20/20 MP: 1/1
   262 | D:1      | Reached XP level 2. HP: 20/26 MP: 2/2
  1068 | D:1      | Reached skill level 5 in Fighting
  1328 | D:1      | Reached XP level 3. HP: 33/33 MP: 3/3
  1454 | D:1      | Reached skill level 1 in Dodging
  2533 | D:2      | Reached XP level 4. HP: 29/39 MP: 4/4
  2627 | D:2      | Found a basalt altar of Yredelemnul.
  2707 | D:2      | Found a shimmering altar of Xom.
  2867 | D:2      | Found a faded altar of an unknown god.
  5196 | D:3      | Reached XP level 5. HP: 19/44 MP: 2/5
  5312 | D:3      | Noticed TheDeathLetter's ghost (amateur DsNe)
  5338 | D:3      | Killed TheDeathLetter's ghost
  5338 | D:3      | Reached skill level 1 in Throwing
  6468 | D:3      | Found a sacrificial altar of Ru.
  6599 | D:3      | Became a worshipper of Ru the Awakened
  6983 | D:4      | Reached XP level 6. HP: 43/51 MP: 6/6
  8499 | D:4      | Noticed Pikel
  8499 | D:4      | Noticed a slave
  8499 | D:4      | Noticed a slave
  8635 | D:4      | Noticed Menkaure
  8646 | D:4      | Demolished by Menkaure

Skill      XL: |  1  2  3  4  5 |
---------------+----------------+-----
Fighting       | 5 |  5.7
Dodging        | 1 2 |  2.9
Unarmed Combat | 2 3 |  3.7
Stealth        | 2 |  2.9
Throwing       | 1 |  1.2
Staves         | |  1.5
Armour         | |  0.5
Shields        | |  1.0

Action                   |  1- 3 |  4- 6 || total
-------------------------+-------+-------++-------
Melee: Unarmed           |   176 |   234 ||   410
       Bite              |    21 |    31 ||    52
       Punch             |       |     4 ||     4
Throw: Stone             |    34 |   346 ||   380
 Abil: Bat Form          |       |     3 ||     3
       End Transformatio |       |     3 ||     3
Evoke: Wand              |       |     2 ||     2
  Use: Potion            |     6 |    20 ||    26
       Scroll            |       |     1 ||     1
Armor: Robe              |    63 |     9 ||    72
       Leather armour    |       |   219 ||   219
Dodge: Dodged            |   132 |   444 ||   576
